 Dungeon Crawl Stone Soup version 0.29-a0-451-gfbfa42419e (webtiles) character file.

Game seed: 7168748068680996170

47 Impy the Shield-Bearer (level 3, -1/30 HPs)
             Began as a Formicid Fighter on May 19, 2022.
             Slain by Natasha (3 damage)
             ... on level 2 of the Dungeon.
             The game lasted 00:02:03 (1138 turns).

Impy the Shield-Bearer (Formicid Fighter)           Turns: 1138, Time: 00:02:04

Health: -1/30      AC:  6    Str: 22    XL:     3   Next: 97%
Magic:  3/3        EV:  9    Int:  7    God:
Gold:   27         SH:  4    Dex: 10    Spells: 2/2 levels left

rFire   . . .      SeeInvis +   a - +0 trident
rCold   . . .      Faith    .   c - +0 buckler
rNeg    . . .      Spirit   .   b - +0 scale mail
rPois   .          Reflect  .   (helmet unavailable)
rElec   .          Harm     .   (no cloak)
rCorr   .          Rampage  .   (no gloves)
Will    .....                   (no boots)
Stlth   ..........              (no amulet)
HPRegen 0.10/turn               (no ring)
MPRegen 0.08/turn               (no ring)

@: mighty
A: permanent stasis, dig shafts and tunnels, antennae 3, four strong arms
a: Dig, Shaft Self


You were on level 2 of the Dungeon.
You visited 1 branch of the dungeon, and saw 2 of its levels.

You collected 27 gold pieces.

Inventory:

Hand Weapons
 a - a +0 trident (weapon)
Armour
 b - a +0 scale mail (worn)
 c - a +0 buckler (worn)
Scrolls
 e - a scroll of identify
Potions
 d - a potion of might


   Skills:
 + Level 3.9 Fighting
 + Level 2.7 Polearms
 - Level 3.2 Armour
 + Level 4.8 Shields


You had 2 spell levels left.
You didn't know any spells.
Your spell library was empty.

Dungeon Overview and Level Annotations

Branches:
Dungeon (2/15)

Altars:

Annotations:
D:2 Natasha


Innate Abilities, Weirdness & Mutations

You cannot be hasted, slowed, berserked, paralysed or teleported.
You can dig through walls and to a lower floor.
You have a pair of large antennae on your head. (SInv)
Your four strong arms can wield two-handed weapons with a shield.


Message History

You barely miss Natasha.
Natasha is moderately wounded.
Natasha misses you. The kobold barely misses you.
You closely miss Natasha.
Natasha is moderately wounded.
Natasha claws you! The kobold hits you but does no damage.
You hit Natasha but do no damage.
Natasha is moderately wounded.
Natasha claws you but does no damage. The kobold hits you but does no damage.
Natasha claws you. The kobold hits you but does no damage.
You closely miss Natasha.
Natasha is moderately wounded.
Natasha casts a spell.
The kobold hits you with a +0 dagger.
You hit Natasha.
Natasha is heavily wounded.
The crimson imp hits you but does no damage.
Natasha claws you. The kobold hits you but does no damage.
You puncture Natasha!
Natasha is almost dead.
The crimson imp barely misses you. Natasha claws you.
* * * LOW HITPOINT WARNING * * *
The kobold hits you but does no damage.
The crimson imp blinks!
You feel very mighty all of a sudden.
Natasha stares at you and mumbles some strange words.
You resist with some effort. The kobold hits you but does no damage.
You closely miss Natasha.
Natasha is almost dead.
Natasha claws you.
* * * LOW HITPOINT WARNING * * *
The kobold hits you but does no damage.
The crimson imp blinks!
Unknown command.
You barely miss Natasha.
Natasha is almost dead.
Natasha stares at you and mumbles some strange words.
The magic dart hits you.
* * * LOW HITPOINT WARNING * * *
The kobold hits you but does no damage. The shadow imp misses you.
The crimson imp blinks!
Natasha claws you.
You die...

........<†#...##### #
.#.<..##............###
#...(...........##...#
.................#.....
#.#........##.....$....
. #..?..§..##..........
...###....##..........
... #...)>5K..†......
.. #..(.#@h###...(..
#......## .....
..≈.....#.# ....
..≈.§#.#...# ...
#.≈.##......# .. .#≈#
###.....# . #≈ #.##....
# #.# ....# ....#


You could see Natasha, a shadow imp (summoned) and a kobold.

Vanquished Creatures
  2 adders (D:2)
  2 ball pythons (D:1)
  5 bats
  An endoplasm (D:2)
  A giant cockroach (D:1)
  5 goblins (D:1)
  5 hobgoblins (D:1)
  2 kobolds
  A quokka (D:1)
  3 rats
27 creatures vanquished.

Notes
Turn   | Place    | Note
-------+----------+-------------------------------------------
     0 | D:1      | Impy the Formicid Fighter began the quest for the Orb.
     0 | D:1      | Reached XP level 1. HP: 18/18 MP: 1/1
   378 | D:1      | Reached XP level 2. HP: 24/24 MP: 2/2
   717 | D:1      | Reached XP level 3. HP: 30/30 MP: 3/3
  1121 | D:2      | Noticed Natasha
  1138 | D:2      | Slain by Natasha

Illustrated notes

Levels and vault maps discovered:
D:1:      lightli_molten_gateway, layout_basic
D:2:      layout_rooms, hellmonk_ecumenical_altar_inner_sanctum,
          chequers_serial_rivers_micro_a, uniq_natasha, uniq_robin

Action                   || total
-------------------------++-------
Melee: Trident           ||   103
  Use: Potion            ||     4
       Scroll            ||     2
Armor: Scale mail        ||    55
Dodge: Dodged            ||    38
Block: Buckler           ||    26

Table legend: (Time is in decaauts)
 A = Elapsed time spent in this place.
 B = Non-inter-level travel time spent in this place.
 C = Inter-level travel time spent in this place.
 D = Time resting spent in this place.
 E = Time spent auto-exploring this place.
 F = Levels seen in this place.
 G = Mean time per level.
                   A        B        C        D        E       F      G
               +--------+--------+--------+--------+--------+-----+--------+
         Total |   1160 |   1156 |      4 |      0 |    946 |   2 |  580.0 |
       Dungeon |   1160 |   1156 |      4 |      0 |    946 |   2 |  580.0 |
               +--------+--------+--------+--------+--------+-----+--------+

Top non-repeatable levels by time:
     D:1: 977 daAuts
     D:2: 182 daAuts
